 Dungeon Crawl Stone Soup version 0.23.1 (webtiles) character file.

Game seed: 17776155819405782258

25 Borgoz the Sneak (level 3, -4/26 HPs)
             Began as a Ghoul Enchanter on Mar 5, 2019.
             Splashed by a jelly's acid (7 damage)
             ... on level 2 of the Dungeon.
             The game lasted 00:01:46 (982 turns).

Borgoz the Sneak (Ghoul Enchanter)                   Turns: 982, Time: 00:01:48

Health: -4/26      AC: -6    Str: 11    XL:     3   Next: 4%
Magic:  0/4        EV: 12    Int: 10    God:
Gold:   82         SH:  0    Dex: 10    Spells: 2/5 levels left

rFire    . . .     SeeInvis .   l - +1 dagger (venom)
rCold    + . .     Gourm    .   (no shield)
rNeg     + + +     Faith    .   b - +0 robe
rPois    ∞         Spirit   .   (no helmet)
rElec    .         Reflect  .   (no cloak)
rCorr    .         Harm     .   (no gloves)
MR       .....                  (no boots)
Stlth    ++........             (no amulet)
HPRegen  0.00/turn              (no ring)
MPRegen  0.09/turn              (no ring)

@: corroded, rotting
A: rotting body, claws 1, carnivore, cold resistance 1, negative energy
resistance 3, inhibited regeneration, torment resistance, unbreathing
a: no special abilities


You were on level 2 of the Dungeon.
You were not hungry.

You visited 1 branch of the dungeon, and saw 2 of its levels.

You collected 82 gold pieces.

Inventory:

Hand Weapons
 l - a +1 dagger of venom (weapon)
Armour
 b - a +0 robe (worn)
Scrolls
 h - 2 scrolls of identify {unknown}
 i - a scroll of teleportation {unknown}
 j - a scroll of fog {unknown}
 k - a scroll of amnesia {unknown}
Potions
 a - a potion of lignification {unknown}
 c - a potion of curing {unknown}
 e - a potion of ambrosia {unknown}
 g - a potion of mutation {unknown}
Comestibles
 d - 4 rations


   Skills:
 * Level 1.6 Short Blades
 + Level 2.0 Dodging
 + Level 3.5 Stealth
 - Level 1.7 Spellcasting
 * Level 2.7 Hexes


You had 2 spell levels left.
You knew the following spells:

 Your Spells              Type           Power        Failure   Level  Hunger
a - Corona                Hex            #......      11%         1    ##.....
b - Ensorcelled Hibernat  Hex/Ice        #.....       28%         2    ###....

Your spell library contained the following spells:

 Spells                   Type           Power        Failure   Level  Hunger
 Confuse                  Hex            #.......     30%         3    ####...
 Tukima's Dance           Hex            #.......     30%         3    ####...
 Dazzling Spray           Conj/Hex       #.....       50%         3    ####...


Dungeon Overview and Level Annotations

Branches:
Dungeon (2/15)

Altars:


Innate Abilities, Weirdness & Mutations

Your body is rotting away.
You thrive on raw meat.
You are immune to poison.
You have sharp fingernails.
You are carnivorous and can eat meat at any time.
Your flesh is cold resistant. (rC+)
You are immune to negative energy. (rN+++)
You do not regenerate when monsters are visible.
You are immune to unholy pain and torment.
You can survive without breathing.


Message History

Aiming: Ensorcelled Hibernation (safe; 28% risk of failure)
Press: ? - help, Shift-Dir - straight line, f/p - jelly
Aim: a jelly (lightly wounded, chance to defeat MR: 44%)
The jelly looks drowsy...
The helpless jelly fails to defend itself.
You puncture the jelly!
Your claws burn!
The jelly is severely wounded.
The jelly barely misses you.
You hit the jelly.
Your claws burn!
The jelly is severely wounded.
You hit the jelly but do no damage.
Your claws burn!
The jelly is severely wounded.
The jelly misses you.
You hit the jelly but do no damage.
Your claws burn!
* * * LOW HITPOINT WARNING * * *
The jelly is severely wounded.
The jelly hits you.
* * * LOW HITPOINT WARNING * * *
The acid corrodes you!
You are splashed with acid!
You die...

# #...........
#........#
#........#
#........#
#[.......#
#######..# #..#
#..########..#
#......@J....#
##.#########.#######
................
....####.#######
..........#
....####..# .
#..##########
#..)........#
#.#########.#


You could see a jelly.

Vanquished Creatures
  A dart slug (D:1)
  3 leopard geckos (D:1)
  A giant cockroach (D:1)
  3 goblins
  2 hobgoblins (D:1)
  4 kobolds
  A quokka (D:2)
  A bat (D:1)
  A frilled lizard (D:1)
  2 rats
19 creatures vanquished.

Notes
Turn   | Place    | Note
-------+----------+-------------------------------------------
     0 | D:1      | Borgoz the Ghoul Enchanter began the quest for the Orb.
     0 | D:1      | Reached XP level 1. HP: 14/14 MP: 2/2
    65 | D:1      | Reached skill level 1 in Short Blades
   427 | D:1      | Reached XP level 2. HP: 20/20 MP: 3/3
   431 | D:1      | Learned a level 2 spell: Ensorcelled Hibernation
   972 | D:2      | Reached XP level 3. HP: 23/26 MP: 4/4
   982 | D:2      | Splashed by a jelly's acid

Skill      XL: |  1  2 |
---------------+-------+-----
Short Blades   | 1 |  1.6
Dodging        | 2 |  2.0
Stealth        | |  3.5
Spellcasting   | |  1.7
Hexes          | |  2.7

Action                   || total
-------------------------++-------
Melee: Dagger            ||    80
 Cast: Ensorcelled Hiber ||     3
 Stab: Sleeping          ||     3
  Eat: Chunk             ||    14
Armor: Robe              ||     7
Dodge: Dodged            ||    65
